 Dungeon Crawl Stone Soup version 0.21.1-1-g345015f (webtiles) character file.

300 chorionicmirror the Skirmisher (level 6, -1/48 HPs)
             Began as a Demonspawn Fighter on June 10, 2018.
             Was an Initiate of Qazlal.
             Slain by LairdRich's ghost (3 damage)
             ... on level 4 of the Dungeon.
             The game lasted 00:14:41 (2085 turns).

chorionicmirror the Skirmisher (Demonspawn Fighter) Turns: 2085, Time: 00:14:42

Health: -1/48      AC: 10    Str: 23    XL:     6   Next: 13%
Magic:  17/17      EV:  8    Int: 10    God:    Qazlal [......]
Gold:   393        SH: 13    Dex: 12    Spells: 8/8 levels left

rFire    . . .     SeeInvis .   a - +1 rapier
rCold    + . .     Gourm    .   c - +0 shield
rNeg     . . .     Faith    .   k - +2 ring mail {rC+}
rPois    .         Spirit   .   (helmet restricted)
rElec    .         Reflect  .   (no cloak)
rCorr    .         Harm     .   (no gloves)
MR       .....     Clarity  +   l - +2 pair of boots
Stlth    +.........             (no amulet)
HPRegen  0.00/turn              b - ring of flight
MPRegen  0.15/turn              g - ring of magical power

@: mighty
A: horns 1, large bone plates 1, clarity, powered by pain 1, screaming 1,
inhibited regeneration, spiny 1
a: Renounce Religion, Evoke Flight


You were on level 4 of the Dungeon.
You worshipped Qazlal.
Qazlal was noncommittal.
You were hungry.

You visited 1 branch of the dungeon, and saw 4 of its levels.

You collected 403 gold pieces.
You paid 10 gold pieces to Gozag.

Inventory:

Hand Weapons
 a - a +1 rapier (weapon)
Armour
 c - a +0 shield (worn)
 k - a +2 ring mail of cold resistance (worn)
 l - a +2 pair of boots (worn)
Jewellery
 b - a ring of flight (left hand)
 g - a ring of magical power (right hand)
Wands
 i - a wand of acid (4)
Scrolls
 e - 2 scrolls of identify
 h - 2 scrolls of remove curse
Potions
 j - 3 potions of curing
 n - a potion of heal wounds
Comestibles
 f - 6 rations


   Skills:
 + Level 3.8 Fighting
 * Level 3.4 Short Blades
 + Level 3.5 Armour
 + Level 1.9 Stealth
 + Level 3.3 Shields
 + Level 1.8 Spellcasting


You had 8 spell levels left.
You didn't know any spells.

Dungeon Overview and Level Annotations

Branches:
Dungeon (4/15)
 Temple: D:4-7

Altars:
Gozag
Nemelex Xobeh
Qazlal

Annotations:
D:4 LairdRich's ghost, novice MiBe


Innate Abilities, Weirdness & Mutations

You have a pair of small horns on your head.
You are partially covered in large bone plates. (SH +4)
You sometimes gain a little power by taking damage.
You are partially covered in sharp spines.
You possess an exceptional clarity of mind.
You occasionally shout uncontrollably at your foes.
You do not regenerate when monsters are visible.


Message History

* * * LOW HITPOINT WARNING * * *
You hit LairdRich's ghost.
LairdRich's ghost is heavily damaged.
You block LairdRich's ghost's attack.
You closely miss LairdRich's ghost.
LairdRich's ghost is heavily damaged.
LairdRich's ghost is struck by your spines.
LairdRich's ghost closely misses you.
You closely miss LairdRich's ghost.
LairdRich's ghost is severely damaged.
LairdRich's ghost hits you!
* * * LOW HITPOINT WARNING * * *
You focus on the pain.
You feel very mighty all of a sudden.
You hit LairdRich's ghost.
LairdRich's ghost is severely damaged.
You block LairdRich's ghost's attack. Gozag petitions for your drink to fail.
LairdRich's ghost hits you.
You die...

### #..... .....
...##....# .....
.........##.....
.......<........
...............
...........###.
...........#
.......))..#
........@..#
........W..#
...........#
.............
..............
................
...............
...............


You could see LairdRich's ghost.

Vanquished Creatures
  The ghost of diana the Slasher, an amateur TeGl (D:3)
  2 orc wizards (D:3)
  Terence (D:2)
  An adder (D:3)
  A dart slug (D:2)
  4 leopard geckos
  12 orcs
  7 bats
  6 giant cockroaches
  8 goblins
  8 hobgoblins
  3 jackals (D:1)
  2 quokkas
  A ball python (D:2)
  5 frilled lizards
  5 kobolds
  9 rats
76 creatures vanquished.

Notes
Turn   | Place    | Note
-------+----------+-------------------------------------------
     0 | D:1      | chorionicmirror the Demonspawn Fighter began the quest for the Orb.
     0 | D:1      | Reached XP level 1. HP: 18/18 MP: 1/1
   130 | D:1      | Gained mutation: You possess an exceptional clarity of mind. [potion of mutation]
   130 | D:1      | Gained mutation: You occasionally shout uncontrollably at your foes. [potion of mutation]
   130 | D:1      | Gained mutation: You do not regenerate when monsters are visible. [potion of mutation]
   130 | D:1      | Gained mutation: You have a pair of small horns on your head. [potion of mutation]
   140 | D:1      | Gained mutation: You sometimes gain a little power by taking damage. [demonic ancestry]
   140 | D:1      | Reached XP level 2. HP: 16/24 MP: 2/2
   566 | D:2      | Mutation became permanent: You have a pair of small horns on your head. [demonic ancestry]
   566 | D:2      | Gained mutation: You have a pair of small horns on your head. [demonic ancestry]
   566 | D:2      | Reached XP level 3. HP: 29/29 MP: 4/4
   575 | D:2      | Found an opulent altar of Gozag.
   685 | D:2      | Became a worshipper of Gozag Ym Sagoz the Greedy
   717 | D:2      | Noticed Terence
   742 | D:2      | Killed Terence
   742 | D:2      | Reached skill level 1 in Spellcasting
   967 | D:2      | Gained mutation: You are partially covered in large bone plates. (SH +4) [demonic ancestry]
   967 | D:2      | Reached XP level 4. HP: 35/35 MP: 5/5
  1247 | D:2      | Found a sparkling altar of Nemelex Xobeh.
  1363 | D:3      | Reached skill level 1 in Stealth
  1400 | D:3      | Noticed diana's ghost (amateur TeGl)
  1408 | D:3      | Killed diana's ghost
  1408 | D:3      | Reached XP level 5. HP: 26/42 MP: 7/7
  1505 | D:3      | Gained mutation: You are partially covered in sharp spines. [demonic ancestry]
  1505 | D:3      | Reached XP level 6. HP: 34/48 MP: 8/8
  2007 | D:3      | Found a stormy altar of Qazlal.
  2014 | D:3      | Fell from the grace of Gozag
  2014 | D:3      | Became a worshipper of Qazlal Stormbringer
  2048 | D:4      | Noticed LairdRich's ghost (novice MiBe)
  2083 | D:4      | HP: 2/48 [LairdRich's ghost (10)]
  2085 | D:4      | Slain by LairdRich's ghost

Skill      XL: |  1  2  3  4 |
---------------+-------------+-----
Short Blades   | 2 3 |  3.4
Armour         | 3 |  3.5
Spellcasting   | 1 |  1.8
Shields        | 3 |  3.3
Stealth        | 1 |  1.9
Fighting       | |  3.8

Action                   |  1- 3 |  4- 6 || total
-------------------------+-------+-------++-------
Melee: Rapier            |    94 |   153 ||   247
       Headbutt          |    10 |    24 ||    34
Invok: Potion Petition   |     1 |       ||     1
  Use: Potion            |     5 |     5 ||    10
       Scroll            |     3 |     2 ||     5
 Stab: Sleeping          |     1 |       ||     1
       Distracted        |       |     1 ||     1
  Eat: Ration            |       |     1 ||     1
Armor: Scale mail        |    40 |       ||    40
       Ring mail         |    14 |    39 ||    53
       Skin              |       |    41 ||    41
Dodge: Dodged            |    29 |    22 ||    51
Block: Shield            |    34 |   101 ||   135
